 Dungeon Crawl Stone Soup version 0.32-a0-799-g95e1662365 (webtiles) character file.

Game seed: 7428095499507810417

61 pokeman the Magician (level 3, 0/20 HPs)
             Began as a Deep Elf Hedge Wizard on Mar 21, 2024.
             Succumbed to a scorpion's poison
             ... on level 2 of the Dungeon.
             The game lasted 00:03:00 (1828 turns).

pokeman the Magician (Deep Elf Hedge Wizard)        Turns: 1828, Time: 00:03:00

Health: 0/20       AC:  5    Str:  7    XL:     3   Next: 83%
Magic:  4/11       EV: 11    Int: 20    God:
Gold:   119        SH:  0    Dex: 14    Spells: 4/12 levels left

rFire   . . .        e - staff of cold
rCold   + . .        (no shield)
rNeg    . . .        b - +0 robe
rPois   .            n - +2 helmet
rElec   .            (no cloak)
rCorr   .            (no gloves)
SInv    .            (no boots)
Will    .....        (no amulet)
Stlth   ++           h - ring of wizardry
HPRegen 0.23/turn    j - ring of flight
MPRegen 0.12/turn

%: wizardry (x1)
@: lethally poisoned (0 -> -5), attractive, flying, invisible
A: no striking features
a: no special abilities


You were on level 2 of the Dungeon.
You visited 1 branch of the dungeon, and saw 3 of its levels.

You collected 119 gold pieces.

Inventory:

Armour
 b - a +0 robe (worn)
 n - a +2 helmet (worn)
Magical Staves
 e - a staff of cold (weapon)
Jewellery
 f - a ring of fire
 h - a ring of wizardry (left hand)
 j - a ring of flight (right hand)
Scrolls
 a - 2 scrolls of identify {unknown}
 c - a scroll of amnesia {unknown}
 g - 2 scrolls of teleportation {unknown}
 i - a scroll of brand weapon {unknown}
 k - a scroll of fear {unknown}
Potions
 d - a potion of magic
 o - 2 potions of brilliance {unknown}
 p - 2 potions of berserk rage {unknown}


   Skills:
 - Level 1.0 Fighting
 - Level 1.0 Armour
 + Level 2.5 Dodging
 + Level 2.6 Stealth
 * Level 5.4 Spellcasting
 + Level 2.0 Conjurations
 - Level 1.1 Summonings
 - Level 1.1 Translocations


You had 4 spell levels left.
You knew the following spells:

 Your Spells              Type           Power      Damage    Failure   Level
a - Magic Dart            Conj           52%        1d5       1%          1
b - Mephitic Cloud        Conj/Alch/Air  8%         N/A       11%         3
c - Call Imp              Summ           18%        N/A       4%          2
d - Blink                 Tloc           18%        N/A       4%          2

Your spell library contained the following spells:

 Spells                   Type           Power      Damage    Failure   Level
 Slow                     Hex            20%        N/A       4%          1
 Cigotuvi's Dreadful Rot  Necr/Alch/Air  10%        N/A       7%          2


Dungeon Overview and Level Annotations

Branches:
Dungeon (3/15)

Altars:


Message History

The scorpion barely misses you.
Your cerulean imp hits the scorpion but does no damage.
You hit the scorpion but do no damage.
The scorpion is lightly wounded.
Your cerulean imp completely misses the scorpion.
The scorpion completely misses you.
You hit the scorpion but do no damage.
The scorpion is lightly wounded.
Your cerulean imp hits the scorpion but does no damage.
The scorpion closely misses you.
Your cerulean imp hits the scorpion but does no damage.
You hit the scorpion but do no damage.
The scorpion is lightly wounded.
The scorpion stings you.
Your cerulean imp hits the scorpion from afar with a -4 spear.
You hit the scorpion.
The scorpion is moderately wounded.
Your cerulean imp hits the scorpion but does no damage.
You hit the scorpion but do no damage.
The scorpion is moderately wounded.
Your cerulean imp hits the scorpion but does no damage.
The scorpion stings you.
You are lethally poisoned!
The scorpion poisons you!
* * * LOW HITPOINT WARNING * * *
You feel very sick.
Your cerulean imp hits the scorpion with a -4 spear.
The scorpion barely misses you.
You fly upwards.
* * * LOW HITPOINT WARNING * * *
You feel very sick.
There is a stone staircase leading down here.
Unknown command.
It was a potion of invisibility.
You fade into invisibility!
* * * LOW HITPOINT WARNING * * *
You feel sick.
It was a potion of attraction.
You feel attractive to monsters.
You die...

.......# .......#
#.....## #####
#.....## ##...##
.......# ##.....##
.......# #.......#
.......# #.......#
......## #.......#
.#...#######†...@##
.#.###....)......##
.......####.......#
##.##..# #.......#
......#####.......#
..........##.....####
....#.###..##.......##
....#.# ##.########÷.#
......# #.## ##.#


There were no monsters in sight!

Vanquished Creatures
  2 adders (D:2)
  5 dart slugs
  A ball python (D:1)
  An endoplasm (D:2)
  A giant cockroach (D:2)
  3 hobgoblins (D:1)
  2 jackals (D:2)
  3 kobolds (D:1)
  5 bats (D:1)
  7 frilled lizards
  2 goblins
  5 rats
37 creatures vanquished.

Notes
Turn   | Place    | Note
-------+----------+-------------------------------------------
     0 | D:1      | pokeman the Deep Elf Hedge Wizard began the quest for the
                  | Orb.
     0 | D:1      | Reached XP level 1. HP: 10/10 MP: 7/7
   252 | D:1      | Reached XP level 2. HP: 16/16 MP: 7/9
   528 | D:1      | Reached skill level 5 in Spellcasting
   710 | D:1      | Reached XP level 3. HP: 20/20 MP: 5/11
   714 | D:1      | Learned a level 3 spell: Mephitic Cloud
   717 | D:1      | Learned a level 2 spell: Call Imp
   720 | D:1      | Learned a level 2 spell: Blink
  1312 | D:2      | Reached skill level 1 in Fighting
  1312 | D:2      | Reached skill level 1 in Armour
  1807 | D:3      | Noticed a scorpion
  1828 | D:2      | Succumbed to a scorpion's poison

Illustrated notes

Levels and vault maps discovered:
D:1:      dpeg_arrival_simpleton_a, layout_basic, minmay_misc_feat_tower,
          minmay_lizard_pond
D:2:      layout_rooms
D:3:      layout_loops_ring, overflow_temple_1_default,
          nicolae_wu_jian_glorious_leap, nicolae_overflow_crystal_walls,
          basic_ecumenical_altar

Skill      XL: |  1  2  3 |
---------------+----------+-----
Spellcasting   | 5 |  5.4
Fighting       | 1 |  1.0
Armour         | 1 |  1.0
Conjurations   | 2 |  2.0
Dodging        | |  2.5
Stealth        | |  2.6
Summonings     | |  1.1
Translocations | |  1.1

Action                     || total
---------------------------++-------
  Melee: Staff             ||    23
   Cast: Magic Dart        ||    93
         Mephitic Cloud    ||     1
         Call Imp          ||     1
    Use: Potion            ||     2
 Armour: Robe              ||    17
  Dodge: Dodged            ||    23

Table legend: (Time is in decaauts)
 A = Elapsed time spent in this place.
 B = Non-inter-level travel time spent in this place.
 C = Inter-level travel time spent in this place.
 D = Time resting spent in this place.
 E = Time spent auto-exploring this place.
 F = Levels seen in this place.
 G = Mean time per level.
                   A        B        C        D        E       F      G
               +--------+--------+--------+--------+--------+-----+--------+
         Total |   1830 |   1809 |     21 |      0 |   1567 |   3 |  610.0 |
       Dungeon |   1830 |   1809 |     21 |      0 |   1567 |   3 |  610.0 |
               +--------+--------+--------+--------+--------+-----+--------+

Top non-repeatable levels by time:
     D:1: 1098 daAuts
     D:2: 657 daAuts
     D:3: 74 daAuts
